 Dungeon Crawl Stone Soup version 0.31.0-11-ge490571c62 (webtiles) character file.

Game seed: 10590091866972449552

2 ChrisTheSkald the Ruffian (level 1, -1/9 HPs)
             Began as a Human Shapeshifter on Jan 29, 2024.
             Slain by a quokka (5 damage)
             ... on level 1 of the Dungeon.
             The game lasted 00:00:26 (90 turns).

ChrisTheSkald the Ruffian (Human Shapeshifter)        Turns: 90, Time: 00:00:26

Health: -1/9       AC:  0    Str: 14    XL:     1   Next: 30%
Magic:  1/1        EV: 16    Int: 10    God:
Gold:   0          SH:  0    Dex: 12    Spells: 0/0 levels left

rFire   . .          .
                       - Unarmed
rCold   . . .        (shield currently unavailable)
rNeg    . . .        a - melded +0 animal skin
rPois   .            (no helmet)
rElec   .            (no cloak)
rCorr   .            (no gloves)
SInv    .            (no boots)
Will    .....        (no amulet)
Stlth   +            (no ring)
HPRegen 0.21/turn    (no ring)
MPRegen 0.07/turn

%: no passive effects
@: flux-form, glowing
A: glow, contaminating, reduced hp, explore regen
a: Begin Untransformation


You were on level 1 of the Dungeon.
You were something dangerously unstable.
You visited 1 branch of the dungeon, and saw 1 of its levels.

Inventory:

Armour
 a - a +0 animal skin (melded)
Talismans
 c - a beast talisman
 d - a flux talisman (active)
Potions
 b - a potion of lignification
 e - 2 potions of curing {unknown}
 f - a potion of heal wounds {unknown}


   Skills:
 * Level 1.0 Fighting
 * Level 2.0 Dodging
 * Level 3.0 Unarmed Combat
 * Level 3.0 Shapeshifting


You couldn't memorise any spells.
You didn't know any spells.
Your spell library was empty.

Dungeon Overview and Level Annotations

Branches:
Dungeon (1/15)

Altars:


Innate Abilities, Weirdness & Mutations

You are something dangerously unstable.
You glow with magical radiation, making you easy to see and hit.
Foes you strike become dangerously contaminated with magical radiation.
Your maximum health is decreased, since you lack skill for your form.
You are incapable of wielding weapons or throwing items.
You regain HP and MP as you explore.


Message History

You hit the hobgoblin but do no damage.
The hobgoblin begins to glow.
The hobgoblin hits you.
You barely miss the hobgoblin. The hobgoblin barely misses you.
You barely miss the hobgoblin. The hobgoblin closely misses you.
You hit the hobgoblin.
The hobgoblin glows dangerously bright.
The hobgoblin is heavily wounded.
The hobgoblin hits you.
You hit the hobgoblin.
The hobgoblin shudders as magic cascades through it.
The hobgoblin twists and deforms.
The hobgoblin is almost dead.
The hobgoblin misses you.
You hit the hobgoblin but do no damage.
The hobgoblin begins to glow.
The hobgoblin is almost dead.
The hobgoblin completely misses you.
You hit the hobgoblin.
You kill the hobgoblin!
The kobold throws a stone.
The stone barely misses you. The kobold closely misses you.
You hit the kobold.
You kill the kobold!
Things that are here:
a +0 club; a stone You start resting.
HP restored.
Found 2 grey potions.
e - 2 grey potions
Found a fuming puce potion.
Found 6 gold pieces.
A quokka comes into view.
A rat comes into view.
The quokka twitches its whiskers.
You see here a fuming puce potion.
f - a fuming puce potion The quokka misses you.
The quokka attacks as it pursues you! The quokka bites you.
Ouch! That really hurt!
The quokka attacks as it pursues you! The quokka bites you.
Ouch! That really hurt!
You die...

.# .... .# ..... .# #....#
.######+#.#########....
...$.................####
........... ...........
....r....######.......#####
.........rp................
.........######............
.........# +............
.........# #............
.........# ................
............###............
####...... #######.###.)
........ ...# ##. ##### #'


You could see a quokka and a rat.

Vanquished Creatures
  A hobgoblin (D:1)
  A kobold (D:1)
2 creatures vanquished.

Notes
Turn   | Place    | Note
-------+----------+-------------------------------------------
     0 | D:1      | ChrisTheSkald the Human Shapeshifter began the quest for
                  | the Orb.
     0 | D:1      | Reached XP level 1. HP: 15/15 MP: 1/1
    90 | D:1      | Slain by a quokka

Illustrated notes

Levels and vault maps discovered:
D:1:      psy_arrival_fountain, layout_basic

Action                     || total
---------------------------++-------
  Melee: Unarmed           ||     9
 Armour: Skin              ||     4
  Dodge: Dodged            ||     9
   Form: Flux              ||     1
